 Dungeon Crawl Stone Soup version 0.17.0-26-gececa24 (webtiles) character file.

2247 vatarom the Changer (level 9, -5/79 HPs)
             Began as a Black Draconian Transmuter on Nov 19, 2015.
             Was a Follower of Cheibriados.
             Slain by an orc
             ... wielding a +0 hand axe
              (6 damage)
             ... on level 7 of the Dungeon.
             The game lasted 00:20:12 (7006 turns).

vatarom the Changer (Black Draconian Transmuter)    Turns: 7006, Time: 00:20:13

Health: -5/79      AC:  8    Str: 16    XL:     9   Next: 15%
Magic:  10/10      EV: 12    Int: 15    God:    Cheibriados [*.....]
Gold:   31         SH:  0    Dex: 12    Spells: 3 memorised, 4 levels left

rFire  . . .     SeeInvis .     h - +1 whip (venom)
rCold  . . .     Clarity  .     (armour unavailable)
rNeg   . . .     SustAt   .     (no shield)
rPois  .         Gourm    .     (helmet restricted)
rElec  +         Spirit   .     (no cloak)
rCorr  .         Warding  .     i - +0 pair of gloves
rMut   .         Stasis   .     (no boots)
MR     +....                    (no amulet)
Stlth  +.........               u - ring of wizardry
                                o - ring of protection from magic

@: very slow, somewhat resistant to hostile enchantments, very unstealthy
A: breathe lightning, unfitting armour, blink, clumsy 1, deterioration 1, dopey
1, low mp 1, electricity resistance, cold-blooded, AC +7
a: Breathe Lightning, Blink, Bend Time, Renounce Religion


You were on level 7 of the Dungeon.
You worshipped Cheibriados.
Cheibriados was aware of your devotion.
You were not hungry.

You visited 2 branches of the dungeon, and saw 8 of its levels.
You also visited: Sewer and Bailey.

You collected 361 gold pieces.
You spent 330 gold pieces at shops.

Inventory:

Hand Weapons
 h - a +1 whip of venom (weapon)
Missiles
 a - 75 arrows
 d - 14 arrows of frost
 e - 3 javelins (quivered)
 k - 3 poisoned javelins
Armour
 i - a +0 pair of gloves (worn)
Jewellery
 f - an uncursed ring of protection from fire
 o - a ring of protection from magic (left hand)
 u - a ring of wizardry (right hand)
Scrolls
 c - 7 scrolls of identify
 n - 2 scrolls of remove curse
 q - a scroll of enchant armour
 r - a scroll of magic mapping
Potions
 p - 3 potions of flight
Books
 b - a book of Changes

   Spells                             Type                      Level
   a - Beastly Appendage              Transmutation                1
   b - Sticks to Snakes               Transmutation                2
   c - Spider Form                    Transmutation/Poison         3
   d - Ice Form                       Ice/Transmutation            4
   e - Blade Hands                    Transmutation                5
Comestibles
 g - 4 bread rations
 s - a royal jelly


   Skills:
 - Level 7.1 Fighting
 - Level 1.7 Dodging
 * Level 6.8 Unarmed Combat
 - Level 2.0 Spellcasting
 + Level 7.7 Transmutations
 - Level 3.3 Ice Magic


You had 4 spell levels left.
You knew the following spells:

 Your Spells              Type           Power        Failure   Level  Hunger
a - Beastly Appendage     Trmt           ###...       1%          1    #......
b - Spider Form           Trmt/Pois      ##........   7%          3    ###....
c - Ice Form              Ice/Trmt       ###.....     10%         4    #####..


Dungeon Overview and Level Annotations

Branches:
Dungeon (7/15)             Temple (1/1) D:5

Altars:
Ashenzari
Cheibriados
Dithmenos
Fedhas
Gozag
Kikubaaqudgha
Makhleb
Nemelex Xobeh
Okawaru
Qazlal
Ru
Sif Muna
Trog
Vehumet
Xom
Yredelemnul
Zin
The Shining One

Shops:
D:6 =


Innate Abilities, Weirdness & Mutations

You can breathe wild blasts of lightning.
Your glossy black scales are hard (AC +7).
Your body does not fit into most forms of armour.
You are resistant to electric shocks.
You are cold-blooded and may be slowed by cold attacks.
You can translocate small distances at will.
You are clumsy. (Dex -2)
Your body sometimes deteriorates upon taking damage.
You are dopey. (Int -2)
Your magical capacity is low (-10% MP).


Message History

The hobgoblin is no longer moving slowly.
The orc hits you with a hand axe.
* * * LOW HITPOINT WARNING * * *
Okay, then.
The hobgoblin closely misses you. The crimson imp barely misses you.
Your transformation is almost over.
The crimson imp blinks!
The hobgoblin hits you with a hand axe.
* * * LOW HITPOINT WARNING * * *
Unknown command.
The orc hits you with a hand axe.
* * * LOW HITPOINT WARNING * * *
The orc closely misses you. The orc hits you but does no damage.
The crimson imp blinks!
The orc hits you but does no damage.
The crimson imp blinks!
You warm up again.
Your +1 whip of venom unmelds from your body.
Your +0 pair of gloves unmelds from your body.
It begins to drip with poison!
The orc hits you with a hand axe.
You die...

..............##....#...
..............##....#..)
#.........5.....).....)∩
#......O##.##.##.......)
#.....#g##.##.##........
#.... #o................
.... #o#g.....##.......
... #.o#......#.......
.. #@.....5..#....... .
#.....##..#.......
#.....##..#.....
#...............
+.....##...#####
#.....####.# #......# ##
#......# ##....##
#######


You could see an ogre, a crimson imp, 3 orcs, a hobgoblin and a goblin.

Vanquished Creatures
  The ghost of dysrexia the Ruffian, an amateur HOMo of Zin (D:4)
  Eustachio (D:4)
  2 sky beasts (D:5)
  3 ogres
  A centaur (D:6)
  A giant frog (D:3)
  Blork the orc (D:6)
  A big kobold (Sewer)
  A water moccasin zombie (D:6)
  3 scorpions
  4 hounds
  3 crimson imps
  A giant frog zombie (D:5)
  A jelly (D:7)
  A centaur skeleton (D:5)
  A giant frog skeleton (D:4)
  3 worker ants
  Jessica (D:3)
  2 orc wizards (D:3)
  Natasha (thrice) (D:3)
  3 iguanas
  A hound skeleton (D:4)
  13 gnolls
  4 adders
  A river rat (Sewer)
  5 worms
  8 giant geckos
  16 orcs
  35 goblins
  32 hobgoblins
  8 kobolds
  A quokka (D:3)
  A ball python (D:2)
  13 bats
  9 giant cockroaches
  2 giant newts (D:1)
  6 jackals
  8 rats
201 creatures vanquished.

Notes
Turn   | Place    | Note
--------------------------------------------------------------
     0 | D:1      | vatarom the Draconian Transmuter began the quest for the Orb.
     0 | D:1      | Reached XP level 1. HP: 16/16 MP: 3/3
   159 | D:1      | Reached XP level 2. HP: 12/24 MP: 5/5
  1049 | D:1      | Reached XP level 3. HP: 15/30 MP: 4/6
  1465 | D:2      | Reached XP level 4. HP: 33/38 MP: 7/7
  1512 | D:2      | Learned a level 3 spell: Spider Form
  2007 | D:3      | Noticed Natasha
  2013 | D:3      | Killed Natasha
  2032 | D:3      | Noticed Natasha
  2039 | D:3      | Killed Natasha
  2071 | D:3      | Reached XP level 5. HP: 35/46 MP: 8/8
  2247 | D:3      | Noticed Natasha
  2248 | D:3      | Killed Natasha
  2265 | D:3      | Noticed Jessica
  2269 | D:3      | Killed Jessica
  2269 | D:3      | Reached skill level 4 in Fighting
  2339 | D:3      | Noticed a giant frog
  2347 | D:3      | Killed a giant frog
  2347 | D:3      | Reached XP level 6. HP: 31/55 MP: 5/9
  2551 | D:3      | Reached skill level 5 in Fighting
  2676 | D:3      | Learned a level 4 spell: Ice Form
  2931 | D:3      | Reached skill level 5 in Transmutations
  3604 | D:4      | Gained mutation: You are clumsy. (Dex -2) [potion of mutation]
  3604 | D:4      | Gained mutation: You are weak. (Str -2) [potion of mutation]
  3604 | D:4      | Gained mutation: Your magical capacity is low (-10% MP). [potion of mutation]
  3706 | D:4      | Reached skill level 1 in Ice Magic
  3730 | D:4      | Noticed dysrexia's ghost (amateur HOMo)
  3754 | D:4      | Killed dysrexia's ghost
  3754 | D:4      | Reached skill level 6 in Fighting
  3754 | D:4      | Your scales start taking on a glossy black colour.
  3754 | D:4      | Gained mutation: You are resistant to electric shocks. [Black Draconian growth]
  3754 | D:4      | Reached XP level 7. HP: 11/63 MP: 6/9
  4022 | D:4      | Noticed Eustachio
  4039 | D:4      | Killed Eustachio
  4039 | D:4      | Reached XP level 8. HP: 71/71 MP: 6/9
  4044 | D:4      | Reached skill level 7 in Fighting
  4404 | D:5      | Entered Level 5 of the Dungeon
  4501 | D:5      | Found a shattered altar of Ashenzari.
  4814 | D:5      | Found a glowing drain.
  4827 | Sewer    | Entered a sewer
  4979 | Sewer    | Found a white marble altar of Elyvilon.
  5259 | D:5      | Found a staircase to the Ecumenical Temple.
  5295 | Temple   | Entered the Ecumenical Temple
  5390 | Temple   | Became a worshipper of Cheibriados the Contemplative
  5550 | D:5      | Reached skill level 5 in Unarmed Combat
  5591 | D:5      | Gained mutation: Your body sometimes deteriorates upon taking damage. [mutagenic meat]
  5592 | D:5      | Gained mutation: You can translocate small distances at will. [mutagenic meat]
  5593 | D:5      | Gained mutation: You are dopey. (Int -2) [mutagenic meat]
  5594 | D:5      | Lost mutation: You are weak. (Str -2) [mutagenic meat]
  6277 | D:6      | Noticed Blork the orc
  6285 | D:6      | Killed Blork the orc
  6285 | D:6      | Reached XP level 9. HP: 43/79 MP: 2/10
  6691 | D:6      | Found Wenaz's Jewellery Emporium.
  6694 | D:6      | Bought an uncursed ring of wizardry for 330 gold pieces
  6885 | D:7      | Reached * piety under Cheibriados
  6917 | D:7      | Found a flagged portal.
  6928 | Bailey   | Entered a bailey
  6990 | D:7      | HP: 3/94 [orc/hand axe (5)]
  7002 | D:7      | HP: 1/94 [orc/hand axe (5)]
  7006 | D:7      | Slain by an orc

Action                   |  1- 3 |  4- 6 |  7- 9 || total
-------------------------+-------+-------+-------++-------
Melee: Unarmed           |    90 |   136 |   116 ||   342
       Hand axe          |    10 |       |       ||    10
       Whip              |    17 |   137 |   194 ||   348
 Cast: Beastly Appendage |     8 |     1 |       ||     9
       Spider Form       |       |    16 |     4 ||    20
       Ice Form          |       |     1 |    11 ||    12
Invok: Bend Time         |       |       |     1 ||     1
 Abil: Breathe Lightning |       |       |     2 ||     2
       Blink             |       |       |     1 ||     1
  Use: Scroll            |     2 |     3 |     7 ||    12
       Potion            |       |     7 |     5 ||    12
 Stab: Sleeping          |       |     2 |       ||     2
  Eat: Bread ration      |     1 |       |     1 ||     2
       Chunk             |       |     8 |     7 ||    15
       Meat ration       |       |       |     2 ||     2
